Map: Catalyst LE

Players

uThermal - Winner!

  • Race: Terran Terran
  • Spawn Location: 11:00

TRUE

  • Race: Zerg Zerg
  • Spawn Location: 5:00

Event: IEM Season 12 - Katowice

VOD

Have the link to the VOD?

Description

Time

  • Played on: March 1, 2018, 2:27 p.m.
  • Length: 8:23

All games in this series

Show
View Real Time Build Order
Export as new Build Order

uThermal Terran - Winner!

Build Orders: Reaper Expand, Hellion Banshee, MMM Bio 

Get SALT Encoding   

  12  0:01  SCV  
  13  0:13  SCV  
  14  0:17  Supply Depot  
  14  0:25  SCV  
  15  0:38  SCV  
  15  0:40  Barracks  
  16  0:44  Refinery  
  16  0:50  SCV  
  17  1:02  SCV  
  18  1:15  SCV  
  19  1:28  Reaper, Orbital Command  
  20  1:40  Command Center  
  20  1:50  Supply Depot  
  20  1:53  SCV  
  21  1:59  Marine  
  22  2:05  SCV  
  23  2:08  Factory  
  23  2:12  Refinery  
  23  2:17  SCV  
  23  2:21  Barracks Reactor  
  24  2:29  SCV  
  25  2:41  SCV  
  26  2:52  Orbital Command  
  26  2:54  SCV, Starport  
  27  3:03  Hellion x2  
  31  3:06  SCV  
  31  3:07  Barracks Tech Lab  
  32  3:14  Supply Depot  
  32  3:22  SCV x2  
  32  3:24  Hellion  
  32  3:25  Hellion  
  38  3:34  SCV x2  
  38  3:36  Banshee  
  43  3:46  Hellion x2, SCV  
  43  3:47  Barracks Tech Lab  
  48  3:50  SCV  
  48  3:53  Supply Depot  
  49  3:58  SCV  
  49  4:02  SCV  
  51  4:05  Marine  
  51  4:06  Stimpack  
  52  4:13  SCV  
  52  4:14  SCV, Barracks  
  52  4:16  Barracks  
  53  4:19  Factory Reactor  
  53  4:20  Supply Depot  
  53  4:25  SCV  
  53  4:28  Starport Reactor, SCV  
  53  4:29  Engineering Bay  
  53  4:30  Marine  
  56  4:35  Refinery  
  56  4:37  Supply Depot, SCV  
  57  4:40  SCV  
  58  4:49  SCV  
  58  4:52  SCV  
  54  4:59  Marine  
  49  5:01  SCV  
  49  5:03  Barracks  
  49  5:04  SCV, Marine x2, Barracks  
  53  5:07  Terran Infantry Weapons Level 1  
  53  5:10  Siege Tank, Marine x2  
  53  5:13  SCV, Medivac  
  61  5:17  Medivac  
  63  5:23  Marine x2, Refinery  
  63  5:24  Marine  
  63  5:28  Supply Depot, Marine  
  67  5:30  Marine  
  68  5:40  Marine  
  68  5:41  Marine  
  68  5:42  Siege Tank, Marine  
  74  5:46  Marine  
  74  5:47  Marine  
  76  5:50  Supply Depot  
  76  5:51  Marine  
  76  5:52  Marine  
  76  5:55  Medivac x2  
  82  5:58  Marine x2  
  82  6:00  Supply Depot, Marine  
  82  6:03  Marine  
  86  6:11  Marine x3, Combat Shields  
  86  6:13  Supply Depot  
  86  6:16  Siege Tank, Marine x2  
  86  6:18  Marine  
  92  6:21  Marine  
  93  6:29  Marine x3  
  96  6:34  Supply Depot, Marine x2  
  96  6:35  Marine  
  96  6:39  Marine  
  100  6:47  Marine x3  
  100  6:52  Marine x2  
  100  6:53  Marine  
  106  6:57  Marine  
  107  7:04  Marine x3  
  107  7:05  Medivac  
  112  7:09  Marine  
  112  7:10  Marine  
  112  7:11  Marine  
  112  7:15  Marine  
  114  7:17  Medivac  
  114  7:18  Supply Depot  
  114  7:19  Supply Depot  
  114  7:22  Marine x2  
  116  7:28  Supply Depot  
  118  7:31  Marine  
  118  7:32  Marine  
  118  7:34  Siege Tank, Marine x3  
  103  7:40  Marine x2, Medivac  
  96  7:48  Marine  
  96  7:50  Marine  
  98  7:51  Marine  
  98  7:52  Marine x2  
  98  7:58  Marine x2  
Show
View Real Time Build Order
Export as new Build Order

TRUE Zerg 

Build Orders: Hatch First 

Get SALT Encoding   

  12  0:00  Drone  
  13  0:12  Overlord  
  13  0:16  Drone  
  14  0:30  Drone x2  
  14  0:34  Drone  
  17  0:51  Hatchery  
  17  0:56  Drone  
  17  1:08  Spawning Pool  
  17  1:10  Extractor  
  15  1:12  Drone  
  15  1:15  Drone  
  17  1:19  Drone  
  18  1:27  Drone  
  19  1:38  Overlord  
  19  1:55  Queen  
  19  1:56  Zergling x2  
  19  2:00  Zergling x2  
  23  2:03  Queen  
  23  2:05  Drone  
  26  2:11  Metabolic Boost  
  26  2:14  Zergling x2  
  26  2:15  Drone  
  28  2:21  Drone  
  29  2:25  Drone  
  30  2:31  Queen  
  30  2:36  Spore Crawler  
  31  2:41  Drone x2  
  34  2:46  Overlord  
  34  2:49  Queen  
  36  3:04  Drone x6  
  42  3:07  Drone  
  42  3:08  Drone  
  44  3:14  Overlord  
  44  3:32  Drone x2  
  44  3:33  Drone x2  
  48  3:35  Drone  
  48  3:37  Hatchery  
  48  3:38  Drone  
  48  3:39  Drone  
  50  3:45  Drone  
  50  3:48  Overlord  
  51  3:54  Overlord  
  51  3:57  Drone  
  51  3:58  Overlord  
  52  4:06  Evolution Chamber, Queen  
  52  4:08  Roach Warren  
  52  4:09  Extractor  
  51  4:11  Drone x2  
  51  4:13  Drone x2  
  51  4:14  Drone  
  56  4:19  Drone x2  
  56  4:20  Evolution Chamber  
  56  4:21  Drone  
  56  4:23  Drone, Lair  
  60  4:25  Drone  
  60  4:28  Spore Crawler  
  60  4:32  Spore Crawler  
  59  4:40  Zergling x2  
  59  4:41  Zergling x6  
  56  4:51  Drone x3  
  52  4:58  Drone x2  
  52  5:00  Drone x2  
  52  5:01  Drone x3  
  52  5:02  Drone  
  58  5:09  Spore Crawler  
  58  5:10  Drone  
  58  5:12  Drone x2  
  60  5:20  Drone  
  61  5:23  Drone, Extractor  
  61  5:25  Drone  
  61  5:26  Overseer  
  62  5:30  Drone  
  62  5:31  Drone x3  
  62  5:33  Drone x2  
  62  5:34  Drone x2  
  70  5:38  Drone  
  71  5:44  Drone x3  
  71  5:45  Drone x2  
  71  5:46  Drone  
  77  5:52  Zerg Ground Armor Level 1  
  77  5:54  Baneling Nest  
  76  6:01  Zergling x2  
  76  6:02  Zergling x10  
  82  6:16  Overlord, Extractor  
  82  6:18  Overlord, Hatchery  
  80  6:19  Overlord  
  80  6:20  Overlord  
  80  6:22  Overlord  
  80  6:26  Overlord  
  80  6:29  Overlord  
  80  6:30  Overlord  
  80  6:34  Zergling x2  
  80  6:35  Zergling x2  
  80  6:36  Overlord  
  80  6:37  Zergling x6  
  80  6:38  Zergling x4  
  87  6:43  Zergling x2  
  87  6:44  Zergling x12  
  94  6:50  Zergling x4  
  94  6:52  Baneling  
  94  6:54  Baneling x7  
  95  6:59  Baneling x8  
  95  7:00  Zergling x2  
  94  7:03  Zergling x2  
  94  7:04  Zergling x4  
  94  7:06  Zergling x4  
  94  7:07  Zergling x2  
  95  7:10  Zergling x2  
  95  7:11  Zergling x4  
  95  7:13  Zergling x6  
  95  7:14  Zergling x2  
  93  7:18  Zergling x2  
  93  7:19  Zergling x2  
  95  7:23  Baneling x2  
  95  7:24  Zergling x2  
  94  7:32  Zergling x6  
  73  7:37  Zergling x2  
  73  7:39  Zergling x6  
  73  7:40  Zergling x4  
  73  7:43  Zergling x2  
  64  7:45  Zergling x2  
  64  7:46  Zergling x4  
  64  7:48  Zergling x2  
  64  7:51  Zergling x4  
  63  7:54  Zergling x2  
  63  7:55  Zergling x2  
  66  8:01  Zergling x4  
  66  8:03  Zergling x2  
  66  8:05  Zergling x2  

Tags
 
Add a new tag
Caveats
  • Supply blocks, unpowered buildings, or Contaminate may cause inaccurate times.
  • Supply counts are checked every 10 seconds.